 Dungeon Crawl Stone Soup version 0.23-a0-451-g1044d4c (webtiles) character file.

332 Darkshadow the Cudgeler (level 6, -3/56 HPs)
             Began as a Minotaur Berserker on Nov 22, 2018.
             Was a Priest of Trog.
             Killed from afar by Ijyb (21 damage)
             ... with a wand of acid (6)
             ... on level 3 of the Dungeon.
             The game lasted 00:05:56 (2880 turns).

Darkshadow the Cudgeler (Minotaur Berserker)        Turns: 2880, Time: 00:05:56

Health: -3/56      AC: 16    Str: 22    XL:     6   Next: 26%
Magic:  5/5        EV:  8    Int:  4    God:    Trog [***...]
Gold:   67         SH:  0    Dex: 11    Spells: 5/5 levels left

rFire    . . .     SeeInvis .   A - +1 flail (protect)
rCold    . . .     Gourm    .   (no shield)
rNeg     . . .     Faith    .   o - +0 chain mail
rPois    .         Spirit   .   (helmet restricted)
rElec    .         Reflect  .   (no cloak)
rCorr    .         Harm     .   (no gloves)
MR       ++...                  (no boots)
Stlth    ..........             (no amulet)
HPRegen  1.18/turn              (no ring)
MPRegen  0.09/turn              (no ring)

@: protection aura, regenerating
A: retaliatory headbutt, horns 2
a: Berserk, Trog's Hand, Renounce Religion


You were on level 3 of the Dungeon.
You worshipped Trog.
Trog was most pleased with you.
You were not hungry.

You visited 1 branch of the dungeon, and saw 3 of its levels.

You collected 67 gold pieces.

Inventory:

Hand Weapons
 a - a +0 mace
 A - a +1 flail of protection (weapon)
Armour
 b - a +0 animal skin
 o - a +0 chain mail (worn)
 y - a cursed +0 buckler
Jewellery
 e - an uncursed ring of resist corrosion {unknown}
 t - a +2 ring of strength {unknown}
 x - a +2 ring of strength {unknown}
Scrolls
 h - a scroll of enchant weapon {unknown}
 l - 3 scrolls of teleportation {unknown}
 n - 3 scrolls of identify {unknown}
 q - a scroll of remove curse {unknown}
 r - a scroll of fog {unknown}
Potions
 d - a potion of invisibility {unknown}
 f - a potion of berserk rage {unknown}
 g - a potion of magic {unknown}
 i - a potion of ambrosia {unknown}
 j - 2 potions of lignification {unknown}
 k - 5 potions of curing {unknown}
 m - a potion of brilliance {unknown}
 p - a potion of flight {unknown}
 s - 3 potions of agility {unknown}
 u - a potion of heal wounds {unknown}
 v - a potion of experience {unknown}
 w - a potion of cancellation {unknown}
Comestibles
 c - 5 rations
 z - a chunk of flesh


   Skills:
 + Level 5.2 Fighting
 * Level 6.5 Maces & Flails
 + Level 4.4 Armour
 - Level 2.1 Dodging
 + Level 1.0 Shields


You had 5 spell levels left.
You didn't know any spells.
Your spell library was empty.

Dungeon Overview and Level Annotations

Branches:
Dungeon (3/15)

Altars:
Elyvilon

Annotations:
D:3 Ijyb


Innate Abilities, Weirdness & Mutations

You reflexively headbutt those who attack you in melee.
You have a pair of horns on your head.


Message History

You headbutt the hobgoblin!
You kill the hobgoblin!
Trog accepts your kill.
Ijyb screams, "No!
No, no, no, no!"
Ijyb hits you but does no damage.
You completely miss Ijyb. You headbutt Ijyb, but do no damage.
The kobold hits you but does no damage. Ijyb closely misses you.
You furiously retaliate!
You headbutt Ijyb. You barely miss Ijyb.
Ijyb is lightly wounded.
The kobold barely misses you. You furiously retaliate!
You headbutt the kobold!
You kill the kobold!
Trog accepts your kill.
Ijyb zaps a wand.
The bolt of acid hits you!
You are splashed with acid!
The acid burns!
You hit Ijyb.
Your weapon exudes an aura of protection.
Ijyb is lightly wounded.
Ijyb zaps a wand.
The bolt of acid hits you!
You die...

#.###.## ##. #
##.# ... #.
#.# #. #.#
##.# ## #.#
#.###.## .#
#.. #...## ##
#.. ##.## .#
#.†####.# .# #
#.g@....# .#
.#
#.....#######
.####.####..#.
...<.........
.#.....###.[
.#.##.####.
..........
...###.###
##.# .#


You could see Ijyb.

Vanquished Creatures
  2 orc priests (D:3)
  3 orc wizards (D:3)
  Robin (D:2)
  6 adders
  2 oozes (D:1)
  2 dart slugs
  4 worms
  4 leopard geckos
  8 orcs
  A ball python (D:2)
  5 giant cockroaches
  16 goblins
  9 hobgoblins
  12 kobolds
  A quokka (D:3)
  6 bats
  5 frilled lizards
  7 rats
94 creatures vanquished.

Notes
Turn   | Place    | Note
-------+----------+-------------------------------------------
     0 | D:1      | Darkshadow the Minotaur Berserker began the quest for the
                  | Orb.
     0 | D:1      | Reached XP level 1. HP: 19/19 MP: 0/0
   181 | D:1      | Reached skill level 4 in Maces & Flails
   181 | D:1      | Reached XP level 2. HP: 20/27 MP: 1/1
   735 | D:1      | Reached XP level 3. HP: 29/33 MP: 2/2
   899 | D:1      | Reached ** piety under Trog
  1397 | D:2      | Found a white marble altar of Elyvilon.
  1491 | D:2      | Identified the cursed -7 helmet of Icrobbol {rC+ MR+ rCorr
                  | Stlth-}
  1491 | D:2      | Noticed Robin
  1510 | D:2      | Reached XP level 4. HP: 12/40 MP: 3/3
  1517 | D:2      | Killed Robin
  1517 | D:2      | Reached skill level 5 in Maces & Flails
  2343 | D:3      | Reached XP level 5. HP: 36/47 MP: 4/4
  2448 | D:3      | Reached *** piety under Trog
  2529 | D:3      | Reached skill level 5 in Fighting
  2529 | D:3      | Reached skill level 6 in Maces & Flails
  2780 | D:3      | Reached XP level 6. HP: 56/56 MP: 5/5
  2804 | D:3      | Reached skill level 1 in Shields
  2871 | D:3      | Noticed Ijyb
  2880 | D:3      | Killed from afar by Ijyb

Vault maps used:
D:1:      denvon_arrival_planthouse
D:2:      elyvilon_altar_5, uniq_robin
D:3:      nicolae_qazlal_eye_of_the_storm, uniq_ijyb

Skill      XL: |  1  2  3  4  5  6 |
---------------+-------------------+-----
Maces & Flails | 4 5 6 |  6.5
Fighting       | 4 5 |  5.2
Armour         | 3 4 |  4.4
Shields        | 1 |  1.0
Dodging        | |  2.1

Action                   |  1- 3 |  4- 6 || total
-------------------------+-------+-------++-------
Melee: Mace              |    89 |   116 ||   205
       Headbutt          |    12 |    21 ||    33
       Flail             |       |     9 ||     9
Invok: Berserk           |     2 |     2 ||     4
       Trog's Hand       |     1 |     1 ||     2
  Eat: Chunk             |     2 |     9 ||    11
Armor: Animal skin       |    13 |       ||    13
       Chain mail        |    25 |    75 ||   100
Dodge: Dodged            |    56 |    54 ||   110

Table legend:
 A = Non-vault XP
 B = Vault XP
 C = Vault XP percentage of total XP
 D = Non-vault monster count
 E = Vault monster count
 F = Vault count percentage of total count
                 A         B        C        D         E       F
            +---------+---------+-------+---------+---------+-------
      Total |     443 |      32 |   6.7 |      83 |      11 |  11.7
            +---------+---------+-------+---------+---------+-------
        D:1 |      59 |       0 |   0.0 |      29 |       0 |   0.0
        D:2 |      57 |      32 |  36.0 |      23 |      11 |  32.4
        D:3 |     327 |       0 |   0.0 |      31 |       0 |   0.0
            +---------+---------+-------+---------+---------+-------
